 Dungeon Crawl Stone Soup version 0.27.1-3-gb3d3a73c9e (webtiles) character file.

Game seed: 7103858188078406569

5537 Descartes the Grappler (level 10, -2/81 HPs)
             Began as a Troll Delver on Oct 19, 2021.
             Slain by a water moccasin (3 damage)
             ... while petrified by a basilisk
             ... on level 1 of the Lair of Beasts.
             The game lasted 00:19:37 (6575 turns).

Descartes the Grappler (Troll Delver)               Turns: 6575, Time: 00:19:38

Health: -2/81      AC: 10    Str: 22    XL:     10   Next: 43%
Magic:  18/18      EV:  1    Int: 16    God:
Gold:   187        SH:  0    Dex:  8    Spells: 4/9 levels left

rFire    . . .     SeeInvis .     - Unarmed
rCold    . . .     Faith    .   (no shield)
rNeg     + + +     Spirit   .   O - +0 swamp dragon scales
rPois    ∞         Reflect  .   (helmet restricted)
rElec    .         Harm     .   v - +0 cloak
rCorr    .         Rampage  .   (gloves unavailable)
Will     .....                  (boots unavailable)
Stlth    +.........             P - amulet of magic regeneration
HPRegen  1.23/turn              L - ring "Kafriheu" {MP+9 Int+7 Dex-3}
MPRegen  0.41/turn              (no ring)

@: lethally poisoned (-2 -> -2), petrified, marked
A: large, unfitting armour, claws 3, regeneration 1, shaggy fur 1, tough skin 1,
horns 1, frail 1
a: no special abilities


You were on level 1 of the Lair of Beasts.
You visited 3 branches of the dungeon, and saw 10 of its levels.
You also visited: Sewer.

You collected 520 gold pieces.
You spent 333 gold pieces at shops.

Inventory:

Hand Weapons
 a - a +4 quarterstaff of chaos
 o - the +8 war axe of Loeloupn {drain, Fly rN+}
   (You found it on level 5 of the Dungeon)

   A truly terrible weapon, it drains the life of any living foe it strikes.
   rN:        It protects you from negative energy.
   Fly:       It grants you flight.
 q - the +9 hand axe "Nodgh" {vorpal, rC+ Str+3 Stlth+}
   (You found it on level 5 of the Dungeon)

   It inflicts extra damage upon your enemies.
   Str:       It affects your strength (+3).
   rC:        It protects you from cold.
   Stlth:     It makes you more stealthy.
Missiles
 j - 6 curare-tipped darts (quivered)
 l - 260 stones
 u - a throwing net
 x - 13 boomerangs
 y - 117 arrows
 z - 4 boomerangs of dispersal
 H - 21 poisoned darts
 U - 3 datura-tipped darts
Armour
 v - a +0 cloak (worn)
 B - a +0 robe of resistance
 O - +0 swamp dragon scales (worn)
Jewellery
 L - the ring "Kafriheu" (left claw) {MP+9 Int+7 Dex-3}
   (You bought it in a shop on level 2 of the Dungeon)

   [ring of magical power]

   Int:       It affects your intelligence (+7).
   Dex:       It affects your dexterity (-3).
   MP:        It affects your magic capacity (+9).
 P - an amulet of magic regeneration (around neck)
Wands
 f - a wand of digging (3)
 n - a wand of acid (9)
 s - a wand of mindburst (14)
 Q - a wand of iceblast (8)
 V - a wand of charming (9)
Scrolls
 b - 3 scrolls of fog
 c - 2 scrolls of magic mapping
 d - a scroll of fear
 g - 4 scrolls of blinking {unknown}
 i - a scroll of summoning {unknown}
 k - a scroll of brand weapon {unknown}
 p - a scroll of amnesia {unknown}
 r - 2 scrolls of enchant armour {unknown}
 w - 9 scrolls of identify {unknown}
 A - a scroll of immolation {unknown}
 C - 2 scrolls of enchant weapon {unknown}
 D - 3 scrolls of teleportation {unknown}
 F - 3 scrolls of silence {unknown}
 I - a scroll of torment {unknown}
 T - a scroll of vulnerability {unknown}
Potions
 e - a potion of haste
 h - 6 potions of flight
 m - 2 potions of attraction {unknown}
 t - 5 potions of curing
 E - 2 potions of berserk rage {unknown}
 G - a potion of cancellation {unknown}
 J - a potion of resistance
 K - a potion of magic {unknown}
 M - a potion of might
 N - a potion of heal wounds
 R - a potion of ambrosia {unknown}
 S - 3 potions of brilliance {unknown}
 W - a potion of lignification {unknown}


   Skills:
 + Level 3.2 Fighting
 + Level 6.5 Dodging
 - Level 3.0 Stealth
 + Level 12.4 Unarmed Combat
 + Level 2.3 Transmutations
 + Level 1.6 Poison Magic


You had 4 spell levels left.
You knew the following spells:

 Your Spells              Type           Power      Damage    Failure   Level
a - Wereblood             Tmut           7%         N/A       24%         2
b - Ignite Poison         Fire/Tmut/Pois 4%         N/A       58%         3

Your spell library contained the following spells:

 Spells                   Type           Power      Damage    Failure   Level
 Foxfire                  Conj/Fire      0%         2x1d4     38%         1
 Sublimation of Blood     Necr           0%         N/A       52%         2
 Mephitic Cloud           Conj/Pois/Air  1%         N/A       69%         3
 Conjure Flame            Conj/Fire      0%         6-21      77%         3
 Inner Flame              Hex/Fire       0%         N/A       77%         3
 Animate Dead             Necr           0%         N/A       99%         4
 Bolt of Magma            Conj/Fire/Erth 0%         4d4       100%        5
 Fireball                 Conj/Fire      0%         3d3       100%        5
 Starburst                Conj/Fire      0%         6d3       100%        6
 Haunt                    Necr/Summ      0%         N/A       100%        7
 Summon Hydra             Summ           0%         N/A       100%        7
 Ignition                 Fire           0%         3d3       100%        8
 Infestation              Necr           0%         N/A       100%        8


Dungeon Overview and Level Annotations

Branches:
Dungeon (8/15)             Temple (1/1) D:7            Lair (1/6) D:8
  Sewer (visited)

Altars:
Cheibriados
Dithmenos
Elyvilon
Fedhas
Gozag
Hepliaklqana
Kikubaaqudgha
Makhleb
Nemelex Xobeh
Okawaru
Qazlal
Ru
Sif Muna
Trog
Vehumet
Wu Jian
Xom
Yredelemnul
Zin
The Shining One

Shops:
D:2 ([*(

Annotations:
D:7 Joseph


Innate Abilities, Weirdness & Mutations

You are too large for most types of armour.
You have claws for hands.
Your natural rate of healing is unusually fast.
You are covered in fur. (AC +1)
You have tough skin. (AC +1)
You have a pair of small horns on your head.
You are frail. (-10% HP)


Message History

You resist with some effort.
The water moccasin bites you but does no damage.
The basilisk bites you but does no damage.
You turn to flesh and can move again.
Unknown command.
Unknown command.
Unknown command.
The black mamba bites you. The basilisk gazes at you.
You are slowing down.
The black mamba bites you but does no damage.
The water moccasin bites you.
You are poisoned.
The water moccasin poisons you! The basilisk gazes at you.
Your limbs have turned to stone.
The black mamba bites you!
* * * LOW HITPOINT WARNING * * *
You have turned to stone.
The water moccasin bites you but does no damage.
The black mamba bites you.
* * * LOW HITPOINT WARNING * * *
The water moccasin bites you but does no damage.
The black mamba bites you. The black mamba bites you.
* * * LOW HITPOINT WARNING * * *
The basilisk gazes at you.
The water moccasin bites you but does no damage.
A yak comes into view.
The komodo dragon bites you!
* * * LOW HITPOINT WARNING * * *
The black mamba bites you!
* * * LOW HITPOINT WARNING * * *
The water moccasin bites you but does no damage. x2
The black mamba bites you.
* * * LOW HITPOINT WARNING * * *
The water moccasin bites you but does no damage.
The komodo dragon bites you!
* * * LOW HITPOINT WARNING * * *
The water moccasin bites you.
You die...

..P .. #.# #. #l. ..
#.# #.# #.# #.. ### ###
#.# ###.####.###.####.#
####.P...<....SF...Y.#
..........l..@Sl.....##
####P#.......Sl.......#
# #...........[...##
##...............#
#................#
##...............#
#................#
##...............#
#..#########.#.###


You could see a komodo dragon, a black mamba, a yak, a cane toad, 2 basilisks
and 2 water moccasins.

Vanquished Creatures
  The ghost of Linguinho the Blocker, a novice GrFi (D:5)
  Maggie (D:7)
  The ghost of qipq the Poker, a novice OpFi (D:5)
  A komodo dragon (D:8)
  Sigmund (D:2)
  A wyvern (D:8)
  4 yaks (D:5)
  2 basilisks (Lair:1)
  The ghost of DearestLeader the Covered, an amateur GnWn of Okawaru (D:5)
  A water moccasin (D:8)
  An ice beast (D:6)
  2 sky beasts
  A necrophage (D:5)
  2 ogres
  2 centaurs
  4 phantoms
  A kobold brigand (D:8)
  The ghost of Descartes the Covert, an amateur SpDe of Gozag (D:5)
  5 bullfrogs
  7 scorpions
  A water moccasin zombie (D:6)
  A wyvern skeleton (D:6)
  A water moccasin skeleton (D:5)
  A howler monkey (D:6)
  2 bullfrog zombies
  2 centaur zombies
  4 orc priests
  2 hounds
  Crazy Yiuf (D:2)
  2 bullfrog skeletons (D:6)
  A centaur skeleton (D:3)
  2 iguanas (D:5)
  7 orc wizards
  Terence (D:3)
  A hound zombie (D:5)
  Robin (D:2)
  6 adders
  A white imp (D:5)
  An ufetubus (D:5)
  5 worms
  The ghost of Descartes the Sneak, a weakling TrDe (D:5)
  2 dart slugs
  15 orcs
  10 ball pythons
  8 endoplasms
  10 giant cockroaches
  5 hobgoblins
  20 jackals
  8 quokkas
  11 bats
  3 frilled lizards
  12 goblins
  9 kobolds
  6 rats
203 creatures vanquished.

Vanquished Creatures (others)
  28 plants
28 creatures vanquished.

Grand Total: 231 creatures vanquished

Notes
Turn   | Place    | Note
-------+----------+-------------------------------------------
     0 | D:5      | Descartes the Troll Delver began the quest for the Orb.
     0 | D:5      | Reached XP level 1. HP: 22/22 MP: 0/0
    18 | D:5      | Found a glowing drain.
    31 | D:5      | Reached XP level 2. HP: 29/29 MP: 1/1
    36 | Sewer    | Entered a sewer
   101 | Sewer    | Reached skill level 3 in Unarmed Combat
   220 | Sewer    | Reached XP level 3. HP: 36/36 MP: 2/2
   505 | Sewer    | Gained mutation: You are frail. (-10% HP) [potion of
                  | mutation]
   505 | Sewer    | Gained mutation: You expend magic power (3 MP) to
                  | strengthen your wands. [potion of mutation]
   505 | Sewer    | Gained mutation: Your spells are a little harder to cast,
                  | but a little more powerful. [potion of mutation]
   527 | D:5      | Noticed an ogre
   535 | D:5      | Killed an ogre
   536 | D:5      | Reached skill level 4 in Unarmed Combat
   536 | D:5      | Reached XP level 4. HP: 39/39 MP: 3/3
   536 | D:5      | Reached XP level 5. HP: 45/45 MP: 4/4
   574 | D:5      | Found an iron altar of Okawaru.
   595 | D:5      | Noticed a yak
   595 | D:5      | Noticed a yak
   595 | D:5      | Noticed a yak
   595 | D:5      | Noticed a yak
   673 | D:5      | Killed a yak
   674 | D:5      | Reached skill level 5 in Unarmed Combat
   674 | D:5      | Reached XP level 6. HP: 24/53 MP: 5/5
   690 | D:5      | Killed a yak
   691 | D:5      | Reached skill level 6 in Unarmed Combat
   696 | D:5      | Killed a yak
   697 | D:5      | Reached XP level 7. HP: 49/59 MP: 6/6
   702 | D:5      | Killed a yak
   703 | D:5      | Reached skill level 7 in Unarmed Combat
   724 | D:5      | Found a burning altar of Makhleb.
   801 | D:5      | Found a radiant altar of Vehumet.
   834 | D:5      | Identified the +8 war axe of Loeloupn {drain, Fly rN+}
   892 | D:5      | Reached skill level 8 in Unarmed Combat
   945 | D:5      | Reached XP level 8. HP: 66/66 MP: 7/7
   945 | D:5      | Found a runed translucent gate.
   946 | D:5      | Found a runed translucent gate.
   947 | D:5      | Found a runed translucent gate.
   947 | D:5      | Noticed Descartes's ghost (amateur SpDe)
   951 | D:5      | Noticed DearestLeader's ghost (amateur GnWn)
   957 | D:5      | Noticed Linguinho's ghost (novice GrFi)
   959 | D:5      | Noticed Descartes's ghost (weakling TrDe)
   959 | D:5      | Noticed qipq's ghost (novice OpFi)
   979 | D:5      | Killed DearestLeader's ghost
  1021 | D:5      | Killed Linguinho's ghost
  1022 | D:5      | Reached skill level 9 in Unarmed Combat
  1110 | D:5      | Killed qipq's ghost
  1111 | D:5      | Reached skill level 5 in Dodging
  1111 | D:5      | Reached skill level 10 in Unarmed Combat
  1119 | D:5      | Killed Descartes's ghost
  1123 | D:5      | Killed Descartes's ghost
  1155 | D:5      | Identified the +9 hand axe "Nodgh" {vorpal, rC+ Str+3
                  | Stlth+}
  1261 | D:5      | Reached XP level 9. HP: 72/72 MP: 8/8
  1294 | D:5      | Found a sparkling altar of Nemelex Xobeh.
  1481 | D:6      | Found a stormy altar of Qazlal.
  1696 | D:6      | Reached skill level 11 in Unarmed Combat
  1809 | D:6      | Learned a level 2 spell: Wereblood
  1911 | D:6      | Found a sacrificial altar of Ru.
  2172 | D:6      | Found a shadowy altar of Dithmenos.
  2244 | D:7      | Noticed Maggie
  2317 | D:4      | Identified the +10 whip "Kyobi" {vorpal, rPois Dex+7}
  3076 | D:3      | Learned a level 3 spell: Ignite Poison
  3114 | D:3      | Noticed Terence
  3123 | D:3      | Lost mutation: Your spells are a little harder to cast, but
                  | a little more powerful. [potion of mutation]
  3123 | D:3      | Lost mutation: You are frail. (-10% HP) [potion of
                  | mutation]
  3123 | D:3      | Lost mutation: You expend magic power (3 MP) to strengthen
                  | your wands. [potion of mutation]
  3123 | D:3      | Gained mutation: You are frail. (-10% HP) [potion of
                  | mutation]
  3123 | D:3      | Gained mutation: You have a pair of small horns on your
                  | head. [potion of mutation]
  3225 | D:3      | Killed Terence
  3358 | D:2      | Noticed Robin
  3377 | D:2      | Killed Robin
  3465 | D:2      | Found a faded altar of an unknown god.
  3542 | D:2      | Found a glowing silver altar of Zin.
  3577 | D:2      | Found Inabrif's Antique Weapon Shoppe.
  3578 | D:2      | Noticed Sigmund
  4281 | D:2      | Killed Sigmund
  4347 | D:2      | Found Nacwetei's Assorted Antiques.
  4376 | D:2      | Bought a scroll labelled MIGEXE TETWI for 29 gold pieces
  4376 | D:2      | Bought a warped gossamer ring for 145 gold pieces
  4376 | D:2      | Identified the ring "Kafriheu" {MP+9 Int+7 Dex-3} (You
                  | bought it in a shop on level 2 of the Dungeon)
  4376 | D:2      | Bought a dark potion for 26 gold pieces
  4376 | D:2      | Bought 2 smoky yellow potions for 52 gold pieces
  4376 | D:2      | Bought a scroll labelled CASI RYMENG for 29 gold pieces
  4376 | D:2      | Bought a sapphire potion for 26 gold pieces
  4376 | D:2      | Bought a sapphire potion for 26 gold pieces
  4460 | D:2      | Found Diyf's Armour Boutique.
  4545 | D:2      | Found a runed translucent door.
  4546 | D:2      | Noticed Crazy Yiuf
  4670 | D:2      | Found Luxtup's Weapon Shoppe.
  4862 | D:2      | Killed Crazy Yiuf
  4863 | D:2      | Reached skill level 12 in Unarmed Combat
  5080 | D:7      | Reached skill level 1 in Transmutations
  5163 | D:7      | Killed Maggie
  5164 | D:7      | Reached XP level 10. HP: 37/79 MP: 9/9
  5439 | D:7      | Found a blossoming altar of Fedhas.
  5447 | D:7      | Found a snail-covered altar of Cheibriados.
  5730 | D:8      | Found a bloodstained altar of Trog.
  5865 | D:8      | Found a white marble altar of Elyvilon.
  6090 | D:8      | Reached skill level 1 in Poison Magic
  6116 | D:8      | Found a staircase to the Lair.
  6227 | D:7      | Noticed Joseph
  6228 | D:7      | Found a staircase to the Ecumenical Temple.
  6238 | Temple   | Entered the Ecumenical Temple
  6438 | Lair:1   | Entered Level 1 of the Lair of Beasts
  6557 | Lair:1   | Noticed a black mamba
  6568 | Lair:1   | Noticed a cane toad
  6575 | Lair:1   | HP: 1/81 [komodo dragon (7)]
  6575 | Lair:1   | Slain by a water moccasin

Illustrated notes

Levels and vault maps discovered:
D:1:      heliophobic_arrival_ceremonial_halls, layout_loops_ring,
          kennysheep_minor_cross, minmay_pentomino_r4
D:2:      layout_basic, hellmonk_ecumenical_altar_lost_god, serial_shops,
          nicolae_lakefront_shop, shop, nicolae_shop_crystal, shop, basic_altar,
          corexii_item_surrounded_by_moat, minmay_ruptured,
          uniq_crazy_yiuf_cottage, uniq_sigmund, uniq_robin
D:3:      layout_loops_ring, serial_park_tiny_pond, uniq_terence
D:4:      layout_basic, chequers_hall_statues_corner_a
D:5:      minmay_angry_zag, layout_gridville, old_standard_altar,
          nicolae_overflow_crystal_walls, mainiacjoe_overflow_catwalk,
          nicolae_vehumet_radiance, gup_sewer_entry_pipe,
          gammafunk_ghost_cemetery
D:6:      layout_loops_ring, nicolae_ru_awakened_eye, grunt_qazlal_clouds,
          grunt_dithmenos_shadows
D:7:      layout_cave_pools, nicolae_uskayaw_dance_hall,
          amethyst_overflow_temple_binary, minmay_temple_entry_from_below_a,
          corexii_leaking_fountain, water_boxes_lemuel, uniq_joseph, uniq_maggie
D:8:      layout_loops_cross, nicolae_elyvilon_temple_path, trog_book,
          david_lair_shrubbed
Temple:   nicolae_temple_figure_zero
Lair:1:   layout_small_grid

Skill      XL: |  1  2  3  4  5  6  7  8  9 10 |
---------------+-------------------------------+-----
Dodging        | 2 3 4 5 6 |  6.5
Unarmed Combat | 3 4 5 6 8 10 12 | 12.4
Stealth        | 3 |  3.0
Transmutations | 1 2 |  2.3
Poison Magic   | 1 |  1.6
Fighting       | 3 |  3.2

Action                   |  1- 3 |  4- 6 |  7- 9 | 10-12 || total
-------------------------+-------+-------+-------+-------++-------
Melee: Unarmed           |   117 |    49 |   419 |    75 ||   660
       Punch             |     4 |     2 |    23 |     2 ||    31
       Headbutt          |       |       |    14 |    10 ||    24
  Use: Potion            |     2 |       |     7 |       ||     9
 Stab: Sleeping          |     2 |       |     8 |       ||    10
       Distracted        |       |       |     2 |       ||     2
Armor: Robe              |    56 |     5 |   110 |       ||   171
       Skin              |       |       |     4 |       ||     4
       Swamp dragon scal |       |       |       |    60 ||    60
Dodge: Dodged            |    74 |    17 |   197 |    34 ||   322
